 Dungeon Crawl Stone Soup version 0.29-a0-620-g13ace881f2 (webtiles) character file.

Game seed: 5632469658381314638

25 Nedwor the Shield-Bearer (level 3, 0/23 HPs)
             Began as a Gargoyle Fighter on June 18, 2022.
             Slain by a quokka (1 damage)
             ... on level 2 of the Dungeon.
             The game lasted 00:01:04 (1100 turns).

Nedwor the Shield-Bearer (Gargoyle Fighter)         Turns: 1100, Time: 00:01:04

Health: 0/23       AC: 10    Str: 21    XL:     3   Next: 6%
Magic:  3/3        EV:  9    Int:  8    God:
Gold:   55         SH:  4    Dex:  9    Spells: 2/2 levels left

rFire   . . .      SeeInvis .   a - +0 flail
rCold   . . .      Faith    .   c - +0 buckler
rNeg    + . .      Spirit   .   b - +0 scale mail
rPois   ∞          Reflect  .   (no helmet)
rElec   +          Harm     .   (no cloak)
rCorr   .          Rampage  .   (no gloves)
Will    .....                   (no boots)
Stlth   ..........              (no amulet)
HPRegen 0.07/turn               (no ring)
MPRegen 0.08/turn               (no ring)

@: no status effects
A: sickness immunity, AC +3, negative energy resistance 1, electricity
resistance, torment resistance 1, petrification resistance
a: no special abilities


You were on level 2 of the Dungeon.
You visited 1 branch of the dungeon, and saw 2 of its levels.

You collected 55 gold pieces.

Inventory:

Hand Weapons
 a - a +0 flail (weapon)
Armour
 b - a +0 scale mail (worn)
 c - a +0 buckler (worn)
Scrolls
 g - 4 scrolls of identify {unknown}
 j - a scroll of acquirement {unknown}
Potions
 d - a potion of might
 e - a potion of attraction {unknown}
 f - 2 potions of cancellation {unknown}
 h - a potion of haste {unknown}
 i - a potion of curing {unknown}


   Skills:
 + Level 3.5 Fighting
 * Level 2.4 Maces & Flails
 + Level 3.5 Armour
 + Level 0.5 Dodging
 + Level 3.5 Shields


You had 2 spell levels left.
You didn't know any spells.
Your spell library contained the following spells:

 Spells                   Type           Power      Damage    Failure   Level
 Slow                     Hex            0%         N/A       83%         1
 Blink                    Tloc           0%         N/A       93%         2
 Scorch                   Fire           0%         2d5       93%         2
 Confusing Touch          Hex            0%         N/A       99%         3
 Lesser Beckoning         Tloc           0%         N/A       99%         3
 Vampiric Draining        Necr           0%         2d6       99%         3
 Flame Wave               Conj/Fire      0%         2d4       100%        4
 Iskenderun's Battlesphe  Conj           0%         2d6       100%        5
 Manifold Assault         Tloc           0%         N/A       100%        5
 Iron Shot                Conj/Erth      0%         9d1       100%        6
 Summon Cactus Giant      Summ           0%         N/A       100%        6
 Spellforged Servitor     Conj/Summ      0%         N/A       100%        7


Dungeon Overview and Level Annotations

Branches:
Dungeon (2/15)

Altars:
Ashenzari


Innate Abilities, Weirdness & Mutations

You are immune to sickness and miasma.
Your stone body is resilient. (AC +3)
You are immune to poison.
You resist negative energy. (rN+)
You are resistant to electric shocks. (rElec)
You are resistant to unholy torment.
You are immune to petrification.


Message History

You are too injured to fight recklessly!
You are too injured to fight recklessly!
The rat attacks as you move away! The rat bites you but does no damage.
The goblin hits you with a +2 dagger of freezing.
* * * LOW HITPOINT WARNING * * *
The goblin freezes you.
* * * LOW HITPOINT WARNING * * *
There is an open door here.
You sock the goblin!
You kill the goblin!
You have reached level 3!
Your experience leads to an increase in your attributes!
Increase (S)trength, (I)ntelligence, or (D)exterity?
You feel stronger. x2
You hit the rat.
You kill the rat!
The goblin shoots a sling bullet.
The sling bullet hits you.
* * * LOW HITPOINT WARNING * * *
The goblin unwields a +0 hunting sling.
The goblin wields a +0 club.
The goblin closely misses you.
There is an open door here.
Things that are here:
a +2 dagger of freezing; a rat corpse; a goblin corpse You barely miss the goblin.
A quokka comes into view.
You block the goblin's attack.
You barely miss the goblin. The goblin hits you but does no damage.
You closely miss the goblin. The goblin misses you.
The goblin barely misses you.
You miss the goblin. You block the goblin's attack.
You barely miss the goblin. The goblin misses you.
You barely miss the goblin. You block the quokka's attack.
The goblin hits you with a +0 club.
* * * LOW HITPOINT WARNING * * *
The quokka barely misses you. The goblin hits you but does no damage.
You sock the goblin!
You kill the goblin!
The quokka closely misses you. x2
The quokka bites you.
You die...

...........###.#.#
.##.##.....# #.#.#
..#.##.....###.#.#
..#.##.....'...#'##
..#.##.....#......#
..#.##.....#......#
..#.##.....#......#
..#.##.....#####)##
.†#............r@#
....#..#########'#
.[..#.## ...
....#.# #....
##..#.# #....#
#..#.# #....#
#..#.# ......
#..#.# .####.. #..#


You could see a quokka.

Vanquished Creatures
  2 ball pythons (D:1)
  3 bats (D:1)
  4 endoplasms (D:1)
  2 giant cockroaches (D:1)
  4 goblins
  A hobgoblin (D:2)
  2 kobolds
  2 frilled lizards (D:1)
  2 rats
22 creatures vanquished.

Notes
Turn   | Place    | Note
-------+----------+-------------------------------------------
     0 | D:1      | Nedwor the Gargoyle Fighter began the quest for the Orb.
     0 | D:1      | Reached XP level 1. HP: 14/14 MP: 1/1
   303 | D:1      | Found a broken altar of Ashenzari.
   324 | D:1      | Reached XP level 2. HP: 19/19 MP: 2/2
  1091 | D:2      | Reached XP level 3. HP: 5/23 MP: 3/3
  1098 | D:2      | HP: 1/23 [goblin/+0 club (3)]
  1100 | D:2      | Slain by a quokka

Illustrated notes

Levels and vault maps discovered:
D:1:      dpeg_arrival_rhombi, layout_rooms, minmay_hexomino_r4
D:2:      layout_basic, ebering_ecumenical_altar_petrified, uniq_robin,
          uniq_terence

Action                   || total
-------------------------++-------
Melee: Flail             ||    74
Armor: Scale mail        ||    36
Dodge: Dodged            ||    45
Block: Buckler           ||    17

Table legend: (Time is in decaauts)
 A = Elapsed time spent in this place.
 B = Non-inter-level travel time spent in this place.
 C = Inter-level travel time spent in this place.
 D = Time resting spent in this place.
 E = Time spent auto-exploring this place.
 F = Levels seen in this place.
 G = Mean time per level.
                   A        B        C        D        E       F      G
               +--------+--------+--------+--------+--------+-----+--------+
         Total |   1123 |   1083 |     40 |    278 |    630 |   2 |  561.5 |
       Dungeon |   1123 |   1083 |     40 |    278 |    630 |   2 |  561.5 |
               +--------+--------+--------+--------+--------+-----+--------+

Top non-repeatable levels by time:
     D:1: 1001 daAuts
     D:2: 122 daAuts
